 Dungeon Crawl Stone Soup version 0.26-a0-812-g31a745ddcd (webtiles) character file.

Game seed: 17707869099724152262

492745 graki42 the Ruinous (level 23, -25/142 HPs)
             Began as a Deep Elf Conjurer on Nov 16, 2020.
             Was the Champion of Vehumet.
             Annihilated by Mennas
             ... wielding a +3 eudemon blade of holy wrath
              (33 damage)
             ... on level 2 of the Vaults on Nov 17, 2020.
             The game lasted 06:51:40 (73870 turns).

graki42 the Ruinous (Deep Elf Conjurer)            Turns: 73870, Time: 06:51:40

Health: -25/142    AC: 13    Str: 21    XL:     23   Next: 61%
Magic:  42/52      EV: 24    Int: 31    God:    Vehumet [******]
Gold:   4198       SH:  0    Dex: 19    Spells: 12/68 levels left

rFire    + + +     SeeInvis +   z - +0 scimitar "Oxowkor" {holy, +Fly rPois rN+ Str+6}
rCold    + . .     Faith    .   (no shield)
rNeg     + + +     Spirit   .   a - +2 robe {rC+ rF+}
rPois    +         Reflect  .   P - +2 helmet
rElec    +         Harm     .   y - scarf {repulsion}
rCorr    .         Rampage  .   X - +2 pair of gloves of Sophism {*Drain Str+6 Int+4 SInv}
MR       ++...                  Z - +2 pair of boots of the Equator {rElec}
Stlth    +.........             H - amulet of magic regeneration
HPRegen  0.33/turn              L - ring of Qitrorhicuz {rF+++ rN++ Str-2 Dex+6}
MPRegen  0.58/turn              K - ring of Phasing {EV+8}

@: glowing, repel missiles
A: no striking features
}: 3/15 runes: decaying, serpentine, silver
a: Renounce Religion, Evoke Flight


You were on level 2 of the Vaults.
You worshipped Vehumet.
Vehumet was exalted by your worship.
You visited 9 branches of the dungeon, and saw 41 of its levels.
You also visited: Sewer, Ice Cave and Desolation.

You collected 5841 gold pieces.
You spent 1643 gold pieces at shops.

Inventory:

Hand Weapons
 c - the +0 morningstar "Embalmer" {elec, rElec rPois rC++ Int+4}
   (You found it on level 6 of the Lair of Beasts)

   Occasionally, upon striking a foe, it will discharge some electrical energy
   and cause terrible harm.
   It affects your intelligence (+4).
   It greatly protects you from cold.
   It insulates you from electricity.
   It protects you from poison.
 z - the +0 scimitar "Oxowkor" (weapon) {holy, +Fly rPois rN+ Str+6}
   (You found it in an ice cave)

   It has been blessed by the Shining One to cause great damage to the undead
   and demons.
   It affects your strength (+6).
   It protects you from poison.
   It protects you from negative energy.
   It lets you fly.
Armour
 a - a +2 robe of resistance (worn)
 v - a +2 robe of magic resistance
 y - a scarf of repulsion (worn)
 P - a +2 helmet (worn)
 X - the +2 pair of gloves of Sophism (worn) {*Drain Str+6 Int+4 SInv}
   (You found it on level 4 of the Snake Pit)

   It affects your strength (+6).
   It affects your intelligence (+4).
   It lets you see invisible.
   It causes draining when unequipped.
 Z - the +2 pair of boots of the Equator (worn) {rElec}
   (You found it on level 5 of the Vaults)

   It insulates you from electricity.
Jewellery
 h - an uncursed ring of magical power
 i - an uncursed ring of protection from magic
 s - the ring "Cithilokh" {rElec rPois}
   (You found it on level 2 of the Vaults)

   [ring of poison resistance]

   It insulates you from electricity.
   It protects you from poison.
 C - the ring "Yvai" {Fire rElec Str+5}
   (You took it off an ironheart preserver on level 5 of the Vaults)

   [ring of fire]

   It enhances your fire magic.
   It affects your strength (+5).
   It protects you from fire.
   It makes you vulnerable to cold.
   It insulates you from electricity.
 H - an amulet of magic regeneration (around neck)
 K - the ring of Phasing (right hand) {EV+8}
   (You took it off a vault warden on level 5 of the Vaults)

   [ring of evasion]

   It affects your evasion (+8).
 L - the ring of Qitrorhicuz (left hand) {rF+++ rN++ Str-2 Dex+6}
   (You took it off an orc on level 5 of the Vaults)

   [ring of dexterity]

   It affects your strength (-2).
   It affects your dexterity (+6).
   It renders you almost immune to fire.
   It greatly protects you from negative energy.
 N - the ring "Sena" {rPois rF- rCorr Str+2 SInv}
   (You took it off an orc knight on level 5 of the Vaults)

   [ring of resist corrosion]

   It affects your strength (+2).
   It makes you vulnerable to fire.
   It protects you from poison.
   It lets you see invisible.
   It provides partial protection from all sources of acid and corrosion.
 S - an uncursed ring of magical power
Wands
 l - a wand of iceblast (15)
 M - a wand of digging (21)
Scrolls
 b - a scroll of blinking
 g - 9 scrolls of fog
 j - 10 scrolls of immolation
 k - 19 scrolls of remove curse
 w - 19 scrolls of identify
 x - 5 scrolls of magic mapping
 B - 10 scrolls of teleportation
 T - 4 scrolls of holy word
Potions
 d - 2 potions of flight
 e - 2 potions of cancellation
 f - 29 potions of curing
 m - 6 potions of haste
 n - 5 potions of ambrosia
 o - 6 potions of mutation
 u - 9 potions of heal wounds
 A - a potion of resistance
 D - 6 potions of brilliance
 Q - a potion of magic


   Skills:
 - Level 14.0 Fighting
 - Level 4.0 Armour
 + Level 5.4 Dodging
 - Level 3.0 Stealth
 + Level 23.1 Spellcasting
 + Level 23.5 Conjurations
 - Level 11.0 Hexes
 - Level 10.0 Translocations
 * Level 21.0 Fire Magic
 - Level 13.0 Earth Magic


You had 12 spell levels left.
You knew the following spells:

 Your Spells              Type           Power        Failure   Level
a - Magic Dart            Conj           ####         0%          1
b - Searing Ray           Conj           ######       0%          2
c - Fulminant Prism       Conj/Hex       #######...   0%          4
d - Iskenderun's Mystic   Conj/Tloc      #######.     0%          4
e - Fireball              Conj/Fire      ########..   0%          5
f - Iron Shot             Conj/Erth      #######...   1%          6
g - Iskenderun's Battles  Conj           ########     0%          5
h - Gell's Gravitas       Tloc           #######...   1%          3
i - Blink                 Tloc           N/A          1%          2
j - Orb of Destruction    Conj           ########..   1%          7
k - Ignition              Fire           ########..   1%          8
l - Fire Storm            Conj/Fire      ########..   2%          9

Your spell library contained the following spells:

 Spells                   Type           Power        Failure   Level
 Lehudib's Crystal Spear  Conj/Erth      #######...   1%          8
 Shatter                  Erth           #######...   67%         9
 Corona                   Hex            #######      0%          1
 Foxfire                  Conj/Fire      ####         0%          1
 Sandblast                Erth           ######       0%          1
 Shock                    Conj/Air       ####         0%          1
 Slow                     Hex            #######.     0%          2
 Conjure Flame            Conj/Fire      ########     0%          3
 Dazzling Flash           Conj/Hex       ######       0%          3
 Inner Flame              Hex/Fire       #######.     0%          3
 Static Discharge         Conj/Air       #######.     0%          3
 Stone Arrow              Conj/Erth      ######       0%          3
 Sticky Flame             Conj/Fire      ########     0%          4
 Bolt of Magma            Conj/Fire/Erth ########..   0%          5
 Starburst                Conj/Fire      ########..   0%          6
 Freeze                   Ice            ####         1%          1
 Pain                     Necr           ####         1%          1
 Sting                    Tmut/Pois      ####         1%          1
 Summon Small Mammal      Summ           ####         1%          1
 Call Imp                 Summ           #####...     1%          2
 Corpse Rot               Necr/Air       N/A          1%          2
 Ensorcelled Hibernation  Hex/Ice        ######       1%          2
 Passwall                 Tmut/Erth      ######..     1%          2
 Poisonous Vapours        Pois/Air       #####.       1%          2
 Sublimation of Blood     Necr           #####.....   1%          2
 Swiftness                Air            #####...     1%          2
 Confusing Touch          Hex            #######.     1%          3
 Frozen Ramparts          Ice            #####.       1%          3
 Ignite Poison            Fire/Tmut/Pois ######..     1%          3
 Mephitic Cloud           Conj/Pois/Air  ######..     1%          3
 Summon Guardian Golem    Hex/Summ       ######..     1%          3
 Tukima's Dance           Hex            #######.     1%          3
 Hailstorm                Conj/Ice       #######.     1%          4
 Leda's Liquefaction      Hex/Erth       #######...   1%          4
 Petrify                  Tmut/Erth      ######..     1%          4
 Lee's Rapid Deconstruct  Erth           #######...   1%          5
 Lightning Bolt           Conj/Air       #######...   1%          5
 Yara's Violent Unravell  Hex/Tmut       ######....   1%          5
 Freezing Cloud           Conj/Ice/Air   ######....   1%          6
 Invisibility             Hex            #######.     1%          6
 Spellforged Servitor     Conj/Summ      #######...   1%          7
 Call Canine Familiar     Summ           #####...     2%          3
 Ozocubu's Armour         Ice            #####...     2%          3
 Airstrike                Air            #####.....   2%          4
 Olgreb's Toxic Radiance  Pois           #####...     2%          4
 Metabolic Englaciation   Hex/Ice        ######....   2%          5
 Dispel Undead            Necr           #####...     9%          4
 Summon Ice Beast         Ice/Summ       #####...     9%          4
 Summon Lightning Spire   Summ/Air       #####...     9%          4
 Agony                    Necr           #####...     24%         5
 Excruciating Wounds      Necr           #####.....   24%         5
 Dragon Form              Tmut           #####.....   100%        7
 Summon Hydra             Summ           #####.....   100%        7
 Dragon's Call            Summ           #####.....   100%        9
 Tornado                  Air            #####.....   100%        9


Dungeon Overview and Level Annotations

Branches:
Dungeon (15/15)            Temple (1/1) D:7            Lair (6/6) D:11
  Swamp (4/4) Lair:4        Snake (4/4) Lair:4        Slime (0/5) Lair:5
    Orc (2/2) D:11            Elf (3/3) Orc:2        Vaults (5/5) D:13
  Crypt (1/3) Vaults:2     Depths (0/5) D:15          Sewer (visited)
  IceCv (visited)         Desolation (visited)

Altars:
Ashenzari
Cheibriados
Dithmenos
Elyvilon
Fedhas
Gozag
Hepliaklqana
Kikubaaqudgha
Makhleb
Nemelex Xobeh
Okawaru
Qazlal
Ru
Sif Muna
Trog
Uskayaw
Vehumet
Wu Jian
Xom
Yredelemnul
Zin
The Shining One
Jiyva

Shops:
D:5 ?   D:10 ?   Orc:2 ==*?   Snake:2 ??   Snake:4 }!   Vaults:1 (   Vaults:2 ?

Annotations:
Elf:2 3 runed translucent doors
Vaults:2 Mennas


Message History

Unknown command.
Casting: Iskenderun's Mystic Blast (safe; 0% risk of failure)
Confirm with . or Enter, or press ? or * to list all spells.
Press: ? - help, Dir - move target cursor You conjure a prism of explosive energy!
A fulminant prism comes into view.
You hear a loud crackle.
You hear an explosion!
The blast of energy engulfs Mennas!!
Mennas is heavily wounded.
Casting: Fulminant Prism (safe; 0% risk of failure)
Confirm with . or Enter, or press ? or * to list all spells.
Press: ? - help, Dir - move target cursor You conjure a prism of explosive energy!
A fulminant prism comes into view.
Mennas gestures frantically.
Mennas is healed somewhat.
Your fulminant prism crackles loudly.
Mennas hits you with a +3 eudemon blade of holy wrath!!
You die...

######.#..<...'...##.##...#.....[
.......#......#...8#.#8...#......
.......#......#...........#......
.......#......#.#..*....#.#......
.......#......#...........#......
.......#......######'######....!.
.......####'###..([(*............
................[.....)[(........
................@A...[...........
.........(.......................
#########'#############'#########
#.......# #.......# #.......#
#.......# #.......# #.......#
#.......# #.......# #.....).##
#.......# #.......(## #.......#


You could see Mennas and a friendly fulminant prism.

Vanquished Creatures
  Mara (Vaults:5)
  Margery (Vaults:2)
  the Lernaean hydra (Swamp:4)
  Nikola (Elf:1)
  2 golden dragons (Vaults:5)
  Rupert (D:13)
  3 tentacled monstrosities
  A deep elf blademaster (Elf:3)
  A lich (Vaults:5)
  4 titans (Vaults:5)
  2 deep elf master archers (Elf:3)
  2 quicksilver dragons (Vaults:5)
  6 shadow dragons (Vaults:5)
  2 storm dragons
  Kirke (D:14)
  2 sphinxes
  11 nagarajas
  Donald (Elf:3)
  2 tengu reavers (Vaults:5)
  5 fire giants
  Aizul (Swamp:3)
  12 deep elf sorcerers
  18 vault wardens
  A frost giant (Vaults:5)
  9 deep elf elementalists (Elf:3)
  An imperial myrmidon (Desolation)
  An orc warlord (Orc:1)
  A ghoul (Vaults:2)
  10 stone giants
  A curse skull (Vaults:2)
  2 war gargoyles (Vaults:5)
  A vampire knight (Vaults:2)
  A stone giant (shapeshifter) (Vaults:5)
  15 ironheart preservers
  7 deep elf demonologists
  An entropy weaver (Vaults:3)
  16 deep elf annihilators
  Azrael (Elf:1)
  3 bunyips
  A dire elephant (Lair:2)
  A crystal guardian (Vaults:4)
  7 ettins
  3 deep elf death magi
  2 blizzard demons (IceCv)
  9 eleionomae
  A fire dragon (D:15)
  9 ogre magi
  Josephine (D:13)
  A jiangshi (Crypt:1)
  5 deep elf high priests
  A ragged hierophant (Desolation)
  4 great orbs of eyes
  2 rakshasas
  Fannar (D:11)
  9 yaktaur captains
  41 vault guards
  33 hydras
  3 ghost crabs
  2 peacekeepers
  A hydra (shapeshifter) (Vaults:5)
  An ice dragon (Vaults:1)
  16 naga warriors
  A boulder beetle (Vaults:5)
  18 anacondas
  A death knight (D:15)
  35 two-headed ogres
  6 centaur warriors
  2 catoblepae
  A satyr (shapeshifter) (Vaults:5)
  5 alligators
  15 dancing weapons
  A vampire mage (Vaults:2)
  A deep troll shaman (Vaults:1)
  A deep troll earth mage (D:11)
  23 naga sharpshooters
  5 orc high priests (Orc:2)
  12 death yaks
  13 deep elf knights
  4 shock serpents
  Nergalle (D:10)
  A fire crab (shapeshifter) (D:15)
  6 hell knights (Vaults:2)
  4 goliath frogs
  3 salamander mystics
  4 bog bodies
  2 shadow wraiths
  10 swamp dragons
  13 deep trolls
  An unseen horror (shapeshifter) (Vaults:4)
  3 spriggan druids
  16 sea snakes
  3 glowing orange brains
  4 unseen horrors
  9 naga ritualists
  16 ironbrand convokers
  A lindwurm (Lair:2)
  3 phantasmal warriors
  26 orc knights
  14 deep elf archers
  An orb spider (shapeshifter) (Vaults:1)
  A lindwurm (shapeshifter) (Vaults:3)
  4 wizards
  56 deep elf magi
  11 harpies
  A wolf spider zombie (D:14)
  4 wolf spiders
  17 ugly things
  4 orc sorcerers
  2 necromancers
  A will-o-the-wisp (Swamp:2)
  6 mana vipers
  A stone giant zombie (Vaults:4)
  2 manticores
  9 salamanders
  7 cyclopes
  An elephant (shapeshifter) (Vaults:5)
  A moth of wrath (shapeshifter) (Vaults:5)
  5 guardian serpents
  18 vault sentinels
  41 black mambas
  4 ice statues (IceCv)
  2 torpor snails
  12 elephants
  26 naga magi
  2 centaur skeletons
  3 gargoyles
  28 cane toads
  Psyche (D:10)
  A cane toad (shapeshifter) (Vaults:1)
  A yaktaur (shapeshifter) (Elf:2)
  6 rime drakes
  4 efreet
  5 anaconda simulacra (IceCv)
  4 kobold demonologists
  36 yaktaurs
  9 komodo dragons
  10 ice devils (IceCv)
  7 freezing wraiths
  A bloated husk (Swamp:2)
  A troll (shapeshifter) (D:15)
  5 trolls
  10 tyrant leeches
  The ghost of MalarOregon the Sneak, an amateur DrEn (D:3)
  8 hornets
  12 polar bears
  A dream sheep (shapeshifter) (Vaults:4)
  19 slime creatures
  A sphinx simulacrum (Vaults:1)
  7 saltlings
  2 raiju (Lair:6)
  15 blink frogs
  19 dream sheep
  A boulder beetle zombie (Crypt:1)
  2 blink frogs (shapeshifter)
  A hornet (shapeshifter) (Vaults:4)
  A meliai zombie (D:14)
  4 redbacks
  A spriggan (shapeshifter) (D:14)
  4 spriggans
  4 air elementals
  19 wyverns
  6 water elementals
  A shadow (D:12)
  2 dire elephant simulacra (IceCv)
  8 wraiths
  58 yaks
  A yak (shapeshifter) (Vaults:5)
  4 fire elementals
  A hog (D:14)
  6 basilisks
  An elf skeleton (Vaults:4)
  22 swamp worms
  11 wargs
  2 harpy simulacra (IceCv)
  49 nagas
  26 water moccasins
  An acid dragon (Vaults:2)
  An iron troll simulacrum (IceCv)
  16 hell hounds
  9 swamp drakes
  6 sky beasts
  15 black bears
  4 phantoms
  53 orc warriors
  An eye of draining (shapeshifter) (D:15)
  2 ice beasts
  An eye of draining (D:15)
  29 ogres
  A human zombie (Vaults:4)
  A necrophage (D:10)
  25 wolves
  9 boggarts
  11 centaurs
  A big kobold (shapeshifter) (Vaults:3)
  21 bullfrogs
  7 big kobolds
  3 earth elementals
  A water moccasin zombie (D:9)
  A scorpion (D:11)
  13 killer bees
  6 howler monkeys
  5 electric eels
  A bullfrog zombie (D:11)
  3 lava snakes (D:7)
  4 centaur zombies
  A human simulacrum (Vaults:1)
  4 jellies
  38 orc priests
  5 hounds
  2 bullfrog skeletons
  2 gnoll shamans
  A demonspawn skeleton (Crypt:1)
  3 iguanas
  34 orc wizards
  8 worker ants
  A worker ant (shapeshifter) (Vaults:5)
  7 hell rats (Lair:3)
  A hound zombie (D:9)
  2 hound skeletons
  A worker ant zombie (D:11)
  A killer bee simulacrum (D:9)
  12 adders
  11 gnolls
  A hound simulacrum (D:9)
  2 river rats (D:4)
  A shadow imp (D:8)
  6 white imps
  2 worker ant simulacra (D:9)
  2 ufetubi
  An adder zombie (D:7)
  3 worms
  A worm (shapeshifter) (D:15)
  4 dart slugs
  An adder simulacrum (D:9)
  6 leopard geckos
  111 orcs
  6 ball pythons
  5 bats
  7 giant cockroaches
  10 goblins
  9 hobgoblins
  16 jackals
  3 quokkas
  A ball python skeleton (Crypt:1)
  6 frilled lizards
  A jackal skeleton (D:5)
  34 kobolds
  A leopard gecko skeleton (D:7)
  13 rats
  A fire vortex (Vaults:5)
  A fulminant prism (Lair:2)
1921 creatures vanquished.

Vanquished Creatures (collateral kills)
  An orc (Vaults:2)
1 creature vanquished.

Vanquished Creatures (others)
  2 bloated husks
  A human (D:14)
  20 fire vortices
  4 foxfires (Swamp:2)
  40 fulminant prisms
  93 fungi
  174 plants
  10 toadstools (Lair:2)
344 creatures vanquished.

Grand Total: 2266 creatures vanquished

Notes
Turn   | Place    | Note
-------+----------+-------------------------------------------
     0 | D:1      | graki42 the Deep Elf Conjurer began the quest for the Orb.
     0 | D:1      | Reached XP level 1. HP: 10/10 MP: 6/6
   373 | D:1      | Reached XP level 2. HP: 15/15 MP: 6/8
   455 | D:1      | Learned a level 2 spell: Searing Ray
   516 | D:2      | Reached skill level 5 in Conjurations
   516 | D:2      | Reached XP level 3. HP: 19/19 MP: 4/9
   750 | D:2      | Found a faded altar of an unknown god.
  1038 | D:2      | Reached XP level 4. HP: 24/24 MP: 4/11
  1044 | D:2      | Learned a level 4 spell: Fulminant Prism
  1683 | D:2      | Learned a level 4 spell: Iskenderun's Mystic Blast
  2060 | D:3      | Found a hide-covered altar of Uskayaw.
  2068 | D:3      | Reached XP level 5. HP: 15/28 MP: 8/13
  2250 | D:3      | Reached skill level 1 in Hexes
  2426 | D:3      | Reached skill level 1 in Translocations
  2521 | D:3      | Noticed MalarOregon's ghost (amateur DrEn)
  2528 | D:3      | Found a runed translucent door.
  2549 | D:3      | Killed MalarOregon's ghost
  2549 | D:3      | Reached skill level 1 in Armour
  2549 | D:3      | Reached skill level 5 in Spellcasting
  2549 | D:3      | Reached XP level 6. HP: 17/32 MP: 1/15
  2989 | D:3      | Noticed a sky beast
  2996 | D:3      | Killed a sky beast
  2996 | D:3      | Reached XP level 7. HP: 36/36 MP: 9/17
  3617 | D:4      | Found a stormy altar of Qazlal.
  3618 | D:4      | Found a white marble altar of Elyvilon.
  3761 | D:4      | Found a glowing drain.
  3785 | Sewer    | Entered a sewer
  3974 | Sewer    | Found a white marble altar of Elyvilon.
  4690 | D:5      | Entered Level 5 of the Dungeon
  4841 | D:5      | Reached XP level 8. HP: 41/41 MP: 14/19
  5136 | D:5      | Reached skill level 5 in Hexes
  5202 | D:5      | Found Qustegin's Magic Scroll Shop.
  5210 | D:5      | Bought a scroll of teleportation for 36 gold pieces
  5210 | D:5      | Bought a scroll of teleportation for 36 gold pieces
  6125 | D:6      | Found a bloodstained altar of Trog.
  6628 | D:7      | Found a staircase to the Ecumenical Temple.
  6658 | Temple   | Entered the Ecumenical Temple
  7024 | D:7      | Noticed a two-headed ogre
  7046 | D:7      | Reached skill level 5 in Translocations
  7252 | D:7      | Noticed a troll
  7259 | D:7      | Killed a troll
  7259 | D:7      | Reached XP level 9. HP: 27/45 MP: 13/22
  7646 | D:7      | Killed a two-headed ogre
  8353 | D:7      | Found a basalt altar of Yredelemnul.
  8353 | D:7      | Found a sparkling altar of Nemelex Xobeh.
  8870 | D:8      | Found a burning altar of Makhleb.
  8977 | D:8      | Noticed a cyan ugly thing
  8989 | D:8      | Killed a cyan ugly thing
  9179 | D:8      | Reached XP level 10. HP: 50/50 MP: 21/25
  9987 | D:8      | You fall into a shaft and drop 1 floor!
 10000 | D:9      | Noticed a death yak
 10193 | D:9      | Found a radiant altar of Vehumet.
 10247 | D:9      | Found an ancient bone altar of Kikubaaqudgha.
 10247 | D:9      | Found a shimmering blue altar of Sif Muna.
 10250 | D:9      | Identified Kikubaaqudgha's Incunabulum of Evil Rites
 10261 | D:9      | Became a worshipper of Vehumet
 10569 | D:9      | Learned a level 5 spell: Iskenderun's Battlesphere
 10591 | D:9      | Reached skill level 10 in Spellcasting
 10896 | D:9      | Reached * piety under Vehumet
 10896 | D:9      | Offered knowledge of Freeze by Vehumet.
 11161 | D:8      | Learned a level 3 spell: Gell's Gravitas
 11418 | D:9      | Reached skill level 10 in Conjurations
 11418 | D:9      | Reached skill level 10 in Hexes
 11501 | D:9      | Killed a death yak
 11631 | D:9      | Reached XP level 11. HP: 54/54 MP: 25/28
 12040 | D:9      | Reached ** piety under Vehumet
 12040 | D:9      | Offered knowledge of Sandblast by Vehumet.
 12182 | D:10     | Entered Level 10 of the Dungeon
 12667 | D:10     | Noticed Psyche
 12675 | D:10     | Killed Psyche
 13005 | D:10     | Noticed a two-headed ogre
 13024 | D:10     | Killed a two-headed ogre
 13118 | D:10     | Offered knowledge of Mephitic Cloud by Vehumet.
 13364 | D:10     | Noticed Nergalle
 13373 | D:10     | Killed Nergalle
 13713 | D:10     | Found Muos's Magic Scroll Boutique.
 13716 | D:10     | Bought a scroll of teleportation for 33 gold pieces
 13716 | D:10     | Bought a scroll of teleportation for 33 gold pieces
 13716 | D:10     | Bought a scroll of teleportation for 33 gold pieces
 13716 | D:10     | Bought a scroll of amnesia for 38 gold pieces
 13808 | D:11     | Noticed a white ugly thing
 13868 | D:11     | Killed a white ugly thing
 13868 | D:11     | Noticed Fannar
 13879 | D:11     | Killed Fannar
 14206 | D:11     | Reached *** piety under Vehumet
 14266 | D:11     | Noticed a seven-headed hydra
 14272 | D:11     | Killed a seven-headed hydra
 14442 | D:11     | Reached XP level 12. HP: 49/59 MP: 26/30
 14509 | D:11     | Offered knowledge of Static Discharge by Vehumet.
 14802 | D:11     | Reached skill level 10 in Translocations
 14817 | D:11     | Noticed a deep troll earth mage
 14823 | D:11     | Killed a deep troll earth mage
 15001 | D:11     | Found a staircase to the Lair.
 15139 | D:11     | Found a staircase to the Orcish Mines.
 15410 | Lair:1   | Entered Level 1 of the Lair of Beasts
 15468 | Lair:1   | Learned a level 5 spell: Bolt of Magma
 15513 | Lair:1   | Reached skill level 1 in Fire Magic
 15513 | Lair:1   | Reached skill level 1 in Earth Magic
 15713 | Lair:1   | Reached skill level 1 in Fighting
 16139 | Lair:2   | Noticed an eight-headed hydra
 16147 | Lair:2   | Killed an eight-headed hydra
 16513 | Lair:2   | Reached **** piety under Vehumet
 16942 | Lair:2   | Noticed a seven-headed hydra
 16947 | Lair:2   | Killed a seven-headed hydra
 17039 | Lair:2   | Noticed a seven-headed hydra
 17043 | Lair:2   | Killed a seven-headed hydra
 17043 | Lair:2   | Offered knowledge of Fireball by Vehumet.
 17134 | Lair:1   | Learned a level 5 spell: Fireball
 17141 | Lair:1   | Learned a level 6 spell: Iron Shot
 17288 | Lair:2   | Noticed a six-headed hydra
 17292 | Lair:2   | Killed a six-headed hydra
 17292 | Lair:2   | Reached XP level 13. HP: 68/68 MP: 15/32
 17470 | Lair:2   | Noticed a dire elephant
 17479 | Lair:2   | Found a runed translucent door.
 18018 | Lair:2   | Killed a dire elephant
 18907 | Lair:3   | Reached skill level 5 in Fire Magic
 19002 | Lair:3   | Reached skill level 5 in Earth Magic
 19161 | Lair:3   | Reached ***** piety under Vehumet
 19161 | Lair:3   | Offered knowledge of Starburst by Vehumet.
 19577 | Lair:3   | Found a sacrificial altar of Ru.
 20987 | Lair:4   | Found a staircase to the Snake Pit.
 21157 | Lair:4   | Found a staircase to the Swamp.
 22280 | Lair:5   | Reached skill level 15 in Conjurations
 22646 | Lair:5   | Found a viscous altar of Jiyva.
 22648 | Lair:5   | Found a staircase to the Slime Pits.
 22901 | Lair:6   | Entered Level 6 of the Lair of Beasts
 22909 | Lair:5   | Reached XP level 14. HP: 57/76 MP: 10/34
 23345 | Lair:6   | Reached skill level 5 in Fighting
 23686 | Lair:6   | Reached skill level 15 in Spellcasting
 25074 | Lair:6   | Offered knowledge of Sticky Flame by Vehumet.
 26305 | Lair:6   | Got a slimy morningstar
 26306 | Lair:6   | Identified the +0 morningstar "Embalmer" {elec, rElec rPois
                  | rC++ Int+4} (You found it on level 6 of the Lair of Beasts)
 26316 | Lair:6   | Reached XP level 15. HP: 84/84 MP: 26/36
 27385 | Lair:6   | Got a brightly glowing great sword
 27716 | Lair:6   | Got an ichor-stained great sword
 28024 | Lair:6   | Identified the cursed +1 great sword "Xiczem" {flame,
                  | Str+2} (You found it on level 6 of the Lair of Beasts)
 28026 | Lair:6   | Identified the cursed +1 great sword of Ruination {flame,
                  | rC+++ rN++ Str+3 Int-5} (You found it on level 6 of the
                  | Lair of Beasts)
 28243 | D:12     | Offered knowledge of Freezing Cloud by Vehumet.
 28853 | D:12     | You fall into a shaft and drop 1 floor!
 28962 | D:13     | Noticed Rupert
 28966 | D:13     | Killed Rupert
 29251 | D:13     | You fall into a shaft and drop 2 floors!
 29251 | D:15     | Entered Level 15 of the Dungeon
 29257 | D:15     | HP: 4/85 [efreet/fireball (25)]
 30190 | Lair:1   | Learned a level 2 spell: Blink
 30252 | Orc:1    | Entered Level 1 of the Orcish Mines
 30408 | Orc:1    | Noticed an orc warlord
 30414 | Orc:1    | Offered knowledge of Irradiate by Vehumet.
 30414 | Orc:1    | Killed an orc warlord
 30645 | Orc:2    | Entered Level 2 of the Orcish Mines
 31107 | Orc:2    | Found a staircase to the Elven Halls.
 32727 | Orc:2    | Found Neloll's Jewellery Shop.
 32729 | Orc:2    | Found Cylienk's Assorted Antiques.
 32729 | Orc:2    | Found Zoaxzasch's Magic Scroll Shop.
 32730 | Orc:2    | Found Teggiet's Jewellery Shop.
 32747 | Orc:2    | Bought a scroll of blinking for 112 gold pieces
 32747 | Orc:2    | Bought a scroll of blinking for 112 gold pieces
 32748 | Orc:2    | Bought the amulet of the Air {Inacc +Fly rElec EV+5 RMsl}
                  | for 523 gold pieces
 32748 | Orc:2    | Found the amulet of the Air {Inacc +Fly rElec EV+5 RMsl}
 32930 | Lair:1   | Learned a level 7 spell: Orb of Destruction
 33025 | Swamp:1  | Entered Level 1 of the Swamp
 33032 | Swamp:1  | Offered knowledge of Lightning Bolt by Vehumet.
 33510 | Swamp:1  | Got a crystal falchion
 33511 | Swamp:1  | Identified the +6 falchion "Syloehi" {antimagic, +Blink
                  | +Inv rF-} (You found it on level 1 of the Swamp)
 34045 | Swamp:2  | Reached XP level 16. HP: 92/92 MP: 22/38
 34420 | Swamp:2  | Reached skill level 10 in Fire Magic
 34636 | Swamp:2  | Reached skill level 10 in Earth Magic
 35605 | Swamp:3  | Noticed Aizul
 35614 | Swamp:3  | Killed Aizul
 35841 | Swamp:3  | Got a fading flail
 35911 | Swamp:3  | Identified the +3 flail "Ulalek" {chaos, rN+ Str-2 Int+3}
                  | (You found it on level 3 of the Swamp)
 36360 | Swamp:4  | Entered Level 4 of the Swamp
 37019 | Swamp:4  | Offered knowledge of Ozocubu's Refrigeration by Vehumet.
 37489 | Swamp:4  | Noticed the 27-headed Lernaean hydra
 37592 | Swamp:4  | Killed the 27-headed Lernaean hydra
 38198 | Swamp:4  | Got a decaying rune of Zot
 38333 | Swamp:4  | Reached XP level 17. HP: 99/99 MP: 25/40
 39042 | Snake:1  | Entered Level 1 of the Snake Pit
 39254 | Snake:1  | Found a frozen archway.
 39258 | IceCv    | Entered an ice cave
 40098 | IceCv    | Found the +12 Vampire's Tooth {vamp}
 40105 | IceCv    | Got a fading scimitar
 40107 | IceCv    | Got a smouldering plate armour
 40122 | IceCv    | Identified the cursed +1 plate armour of Purpose {rElec
                  | MP+9} (You found it in an ice cave)
 40134 | IceCv    | Identified the cursed +0 scimitar "Oxowkor" {holy, +Fly
                  | rPois rN+ Str+6} (You found it in an ice cave)
 41498 | Snake:2  | Offered knowledge of Ignition by Vehumet.
 42103 | Snake:2  | Found Exeycs's Magic Scroll Emporium.
 42105 | Snake:2  | Found Ewkiumef's Gadget Shoppe.
 42107 | Snake:2  | Found Faow's Magic Scroll Emporium.
 42111 | Snake:2  | Bought a scroll of teleportation for 57 gold pieces
 42115 | Snake:2  | Bought a scroll of teleportation for 36 gold pieces
 42115 | Snake:2  | Bought a scroll of amnesia for 42 gold pieces
 42115 | Snake:2  | Bought a scroll of fog for 24 gold pieces
 43044 | Snake:2  | Found a bloodstained altar of Trog.
 44942 | Snake:4  | Entered Level 4 of the Snake Pit
 45108 | Snake:4  | Reached XP level 18. HP: 106/106 MP: 23/42
 45320 | Snake:4  | Found a shadowy altar of Dithmenos.
 46423 | Snake:4  | Found Hucryz's Distillery.
 46425 | Snake:4  | Found Tuxtesar's Gadget Shoppe.
 46761 | Snake:4  | Bought a potion of heal wounds for 80 gold pieces
 46761 | Snake:4  | Bought a potion of haste for 160 gold pieces
 46895 | Snake:4  | Got a twisted chain mail
 46896 | Snake:4  | Identified the +6 chain mail of Jigsaw {rPois rN+ Int-3}
                  | (You found it on level 4 of the Snake Pit)
 46910 | Snake:4  | Reached skill level 10 in Fighting
 46937 | Snake:4  | Reached ****** piety under Vehumet
 47614 | Snake:4  | Offered knowledge of Lehudib's Crystal Spear by Vehumet.
 47614 | Snake:4  | Offered knowledge of Fire Storm by Vehumet.
 47614 | Snake:4  | Offered knowledge of Shatter by Vehumet.
 47840 | Snake:4  | Got a pair of translucent gloves
 47851 | Snake:4  | Identified the +2 pair of gloves of Sophism {*Drain Str+6
                  | Int+4 SInv} (You found it on level 4 of the Snake Pit)
 47858 | Snake:4  | Got a serpentine rune of Zot
 48845 | D:13     | Noticed Josephine
 49120 | D:13     | Killed Josephine
 49378 | D:13     | Found a gate to the Vaults.
 49383 | D:13     | Reached XP level 19. HP: 113/113 MP: 36/44
 50295 | D:14     | Found a snail-covered altar of Cheibriados.
 50339 | D:14     | Noticed Kirke
 50348 | D:14     | Killed Kirke
 51131 | D:15     | Found a staircase to the Depths.
 52466 | Elf:1    | Entered Level 1 of the Elven Halls
 52544 | Elf:1    | Noticed Nikola
 52550 | Elf:1    | Killed Nikola
 52911 | Elf:1    | You fall into a shaft and drop 1 floor!
 53532 | Elf:1    | Noticed Azrael
 53536 | Elf:1    | Killed Azrael
 54206 | Elf:1    | Found a shimmering blue altar of Sif Muna.
 55252 | Elf:2    | Found a runed translucent gate.
 55252 | Elf:2    | Found a runed translucent gate.
 55275 | Elf:2    | Found a runed translucent gate.
 56169 | Elf:3    | Entered Level 3 of the Elven Halls
 56262 | Elf:3    | Reached skill level 15 in Fire Magic
 56264 | Elf:3    | Reached XP level 20. HP: 120/120 MP: 17/46
 56992 | Elf:3    | Noticed Donald
 57045 | Elf:3    | Killed Donald
 58364 | Elf:3    | Identified the +1 robe of the True Pharaoh {Harm rN+++
                  | rCorr Stlth-}
 58830 | Lair:1   | Identified 2 scrolls of acquirement
 59192 | Elf:3    | Got a twisted chain mail
 59465 | Lair:1   | Identified the +8 chain mail of the Gate {+Inv Str+4 Dex-3}
                  | (You found it on level 3 of the Elven Halls)
 59473 | Lair:1   | Acquired The Last Incunabulum of the Archmage
 59475 | Lair:1   | Acquired the Grimoire of Bewitching Combat Magic
 59486 | Lair:1   | Learned a level 8 spell: Ignition
 59620 | Vaults:1 | Entered Level 1 of the Vaults
 60991 | Vaults:1 | Reached XP level 21. HP: 86/127 MP: 6/47
 61207 | Vaults:1 | Learned a level 9 spell: Fire Storm
 61611 | Vaults:1 | Found Cargh's Antique Weapon Boutique.
 62074 | Vaults:2 | Got a flickering glass ring
 62081 | Vaults:1 | Identified the ring "Cithilokh" {rElec rPois} (You found it
                  | on level 2 of the Vaults)
 62153 | Vaults:2 | Found Nuxkeur's Magic Scroll Shoppe.
 62156 | Vaults:2 | Bought a scroll of teleportation for 48 gold pieces
 62156 | Vaults:2 | Bought a scroll of holy word for 120 gold pieces
 62156 | Vaults:2 | Bought a scroll of holy word for 120 gold pieces
 62496 | Vaults:2 | Found a staircase to the Crypt.
 62563 | Vaults:2 | Noticed Margery
 62811 | Vaults:2 | Killed Margery
 63489 | Vaults:2 | Got a masterwork rapier
 63490 | Vaults:2 | Identified the +7 rapier of Dismay {vorpal, Str+5 Dex+2}
                  | (You found it on level 2 of the Vaults)
 65266 | Vaults:3 | Identified the +1 great sword "Wumeofor" {vorpal, rPois}
 66369 | Vaults:4 | Found a ruined gateway.
 66373 | Desolati | Entered the Desolation of Salt
 66405 | Desolati | Reached XP level 22. HP: 127/135 MP: 31/49
 68201 | Vaults:5 | Entered Level 5 of the Vaults
 68775 | Vaults:4 | You fall into a shaft and drop 1 floor!
 69602 | Vaults:5 | Identified the +5 whip of Immorality {pain, *Contam +Blink
                  | rC+}
 69606 | Vaults:5 | Identified the cursed +2 great sword of the Crushing
                  | Scavenger {flame, MR- Str+8 Dex-3 SInv}
 69606 | Vaults:5 | Identified the amulet "Xousucoo" {RegenMP rN+ Str+3}
 69887 | Vaults:5 | Identified the ring "Yvai" {Fire rElec Str+5}
 70157 | Vaults:5 | Noticed a golden dragon
 70171 | Vaults:5 | Killed a golden dragon
 70171 | Vaults:5 | Reached XP level 23. HP: 115/141 MP: 5/51
 70272 | Vaults:5 | Got a silver rune of Zot
 70560 | Vaults:5 | Noticed Mara
 70563 | Vaults:5 | Noticed graki42's illusion
 70572 | Vaults:5 | Killed Mara
 70816 | Vaults:5 | Identified the ring "Sena" {rPois rF- rCorr Str+2 SInv}
 70821 | Vaults:5 | Identified the cursed +1 plate armour "Kedihot" {-Tele rN+
                  | MR+ Dex+3}
 70821 | Vaults:5 | Identified the ring of Qitrorhicuz {rF+++ rN++ Str-2 Dex+6}
 71392 | Vaults:5 | Identified the +3 rapier "Elf's Doom" {holy, Int+5 Dex-3}
 71501 | Vaults:5 | Identified the +3 war axe of the Several Songs {chaos,
                  | *Slow rPois rN+++ Stlth+}
 71911 | Vaults:5 | Got a pair of faintly humming boots
 72209 | Vaults:5 | Reached skill level 5 in Dodging
 72688 | Vaults:5 | Identified the Papyrus of Enchantment and the Entourage
 72693 | Vaults:5 | Identified the Tome of Blistering Black Rites
 72973 | Vaults:5 | Identified the +2 pair of boots of the Equator {rElec} (You
                  | found it on level 5 of the Vaults)
 73650 | Crypt:1  | Entered Level 1 of the Crypt
 73827 | Crypt:1  | Noticed Mennas
 73862 | Vaults:2 | HP: 5/142 [Mennas/+3 eudemon blade of holy wrath (8)]
 73870 | Vaults:2 | Annihilated by Mennas

Illustrated notes

Levels and vault maps discovered:
D:1:      saegor_arrival_simple_c, layout_rooms
D:2:      layout_loops_ring, chequers_ecumenical_altar_simple, serial_bayou,
          serial_bayou_lagoon_a, serial_bayou_pond_b, serial_bayou_pond_d,
          serial_bayou_pond_a, corner_web_ring, guppyfry_early_orc_mine
D:3:      layout_basic, eat_drink_and_be_merry_uskayaw,
          hellmonk_ghost_happy_afterlife, hangedman_decor_push,
          grunt_ministairs_1, chequers_serial_rivers_small_b
D:4:      layout_basic, gammafunk_temple_overflow_pools, portal_sewer_entry_b
D:5:      layout_loops_ring, serial_shops, shop_fountains,
          chequers_serial_rivers_large_b, minmay_pentangle
D:6:      layout_cave_pods, lightli_temple_of_fire, serial_park_tiny_2
D:7:      kennysheep_big_flooded_room, layout_layer_cave,
          gammafunk_temple_overflow_statue, minmay_temple_entry_statues,
          minmay_microvault
D:8:      layout_loops_corners, nicolae_overflow_hidden_temple
D:9:      layout_loops_ring, grunt_temple_overflow_magic_moments, serial_ice,
          serial_ice_h, serial_ice_k, serial_ice_n, serial_ice_c, serial_ice_m,
          minivault_1
D:10:     layout_irregular_city, serial_shops, kennysheep_mini_moat,
          grunt_ministairs_9, uniq_nergalle, uniq_psyche
D:11:     layout_loops_ring, grunt_lair_entry_orc_guard_hut, david_orc_4,
          kennysheep_just_a_vault, uniq_fannar
D:12:     layout_basic
D:13:     layout_irregular_city, grunt_vaults_entry_fortified, uniq_rupert,
          uniq_josephine
D:14:     layout_loops_ring, minmay_misc_feat_ornament, basic_altar, uniq_kirke
D:15:     gammafunk_enter_depths_forms, layout_rooms, hangedman_decor_points,
          grunt_ministairs_5
Temple:   minmay_temple_forest_path
Lair:1:   layout_roguey
Lair:2:   gammafunk_lair_enchanted_lake, layout_hall_layers,
          beast_lair_carwin_1, infiniplex_staircase_pool
Lair:3:   layout_chaotic_city, basic_altar, grunt_megastairs_4,
          serial_bayou_shore_b, serial_bayou_shore_a
Lair:4:   layout_hall_layers, minmay_swamp_entry_worms, dummy_snake_entry,
          grunt_megastairs_3
Lair:5:   layout_roguey, dpeg_slime_entry_enclosed_altar, minmay_holes,
          small_statue_intersection
Lair:6:   hangedman_lair_caniforms_friends, layout_long_grid,
          hangedman_lair_tendril_chambers
Swamp:1:  layout_falls_marsh, evilmike_swamp_ruin_rubble_2
Swamp:2:  layout_basic_swamp, hangedman_swamp_lotus, swamp_pool1,
          st_swamp_ruins_3
Swamp:3:  layout_basic_swamp, nicolae_swamp_little_tower, uniq_aizul
Swamp:4:  swamp_old_school, layout_basic_swamp
Snake:1:  layout_layer_cave, portal_ice_cave_entry_pillars_three,
          nicolae_snake_single_loop, nicolae_snake_springs
Snake:2:  layout_gridlike, basic_altar, drop_trap, lemuel_fruit_tree,
          minmay_shop_star
Snake:3:  layout_chambers
Snake:4:  snake_pit, layout_basic, basic_altar, serial_shops, shop,
          nicolae_shop_waterfront
Orc:1:    layout_caves
Orc:2:    st_orc_pillars, layout_diamond_mine
Elf:1:    eino_elf_arrival_sip, layout_onion_city, evilmike_minifort,
          lemuel_blue_sif_altar, uniq_azrael, uniq_nikola
Elf:2:    layout_gridlike, mu_enter_wizlab_3
Elf:3:    minmay_elf_hall_hex, layout_onion_city, uniq_donald
Vaults:1: ontoclasm_vaults_eye, ontoclasm_vaults_ring_square, serial_ice_m,
          ontoclasm_vaults_misaligned, nicolae_vaults_windows_and_doors_thing,
          hangedman_vaults_corner_blocks, vaults_standard_mumra_lines,
          nicolae_vaults_what_the_h, nicolae_vaults_little_squares_1,
          vaults_room_grid, vaults_room_stairs_pillars,
          nicolae_vaults_network_star, layout_vaults_maze_bifur, serial_shops,
          shop
Vaults:2: minmay_crypt_entry_simple_statues, v_alt_pattern_6,
          nicolae_vaults_yaktaur_gun_rack, nicolae_vaults_little_ls, v_misc_16,
          vaults_dpeg_encased_lava, nicolae_vaults_theta,
          nicolae_vaults_diagonal_hallway_7, ontoclasm_vaults_twist,
          layout_vaults_big_room, serial_shops, nicolae_shop_behind_doors,
          uniq_margery
Vaults:3: vaults_mumra_minichess, nicolae_vaults_big_ls, serial_ice_m,
          nicolae_vaults_shelves_hall, layout_vaults_quadrants
Vaults:4: v_misc_27, ontoclasm_vaults_gallery, nicolae_vaults_three_branches,
          v_pattern_2, vaults_dpeg_spiral, hangedman_vaults_restitches,
          v_alt_pattern_3, hangedman_vaults_variations, v_misc_33,
          ontoclasm_vaults_gateway, v_alt_pattern_1, ontoclasm_vaults_tryst,
          vaults_room_pools, ontoclasm_vaults_loading_screen,
          layout_vaults_omnibox, portal_desolation_entry_nicolae_nacl
Vaults:5: serial_shops, uniq_mara
Crypt:1:  layout_regular_city, st_stairs_5, grunt_crypt_arrival_split,
          uniq_bai_suzhen, uniq_mennas, uniq_khufu

Skill      XL: |  1  2  3  4  5  6  7  8  9 10 11 12 13 14 15 16 17 18 19 20 21 22 23 |
---------------+----------------------------------------------------------------------+-----
Conjurations   | 5 6 7 9 10 12 13 15 16 17 18 19 20 21 22 23 | 23.5
Stealth        | 3 |  3.0
Dodging        | 3 5 |  5.4
Spellcasting   | 4 5 6 7 9 11 12 13 14 15 16 17 18 19 20 21 22 23 | 23.1
Hexes          | 2 3 4 6 8 10 11 | 11.0
Translocations | 2 3 5 6 8 9 10 | 10.0
Armour         | 1 2 3 4 |  4.0
Fire Magic     | 4 6 8 9 11 12 13 15 16 18 20 21 | 21.0
Earth Magic    | 3 6 8 9 10 12 13 | 13.0
Fighting       | 2 4 6 7 8 9 10 11 12 13 14 | 14.0

Action                   |  1- 3 |  4- 6 |  7- 9 | 10-12 | 13-15 | 16-18 | 19-21 | 22-24 || total
-------------------------+-------+-------+-------+-------+-------+-------+-------+-------++-------
Melee: Whip              |       |       |    12 |       |       |       |       |       ||    12
       Staff             |       |       |       |     7 |     1 |       |       |       ||     8
 Cast: Magic Dart        |    43 |    59 |    74 |   124 |   277 |    66 |    98 |    52 ||   793
       Searing Ray       |     6 |    22 |    67 |   126 |    32 |     3 |    19 |     3 ||   278
       Fulminant Prism   |       |       |     6 |    29 |     3 |     2 |       |     2 ||    42
       Iskenderun's Myst |       |       |     3 |    41 |    48 |    52 |    30 |     6 ||   180
       Gell's Gravitas   |       |       |       |    11 |     2 |       |       |       ||    13
       Iskenderun's Batt |       |       |       |    19 |   117 |    85 |    63 |    46 ||   330
       Bolt of Magma     |       |       |       |     9 |       |       |       |       ||     9
       Fireball          |       |       |       |     2 |   156 |   278 |   204 |    42 ||   682
       Iron Shot         |       |       |       |       |   208 |   248 |   411 |   258 ||  1125
       Orb of Destructio |       |       |       |       |     1 |     6 |     1 |     2 ||    10
       Ignition          |       |       |       |       |       |       |     9 |     6 ||    15
       Fire Storm        |       |       |       |       |       |       |     5 |     9 ||    14
Evoke: Wand              |       |       |       |     3 |     9 |     5 |     8 |    13 ||    38
  Use: Scroll            |       |       |    15 |    14 |    16 |    16 |    17 |    10 ||    88
       Potion            |       |       |     2 |     1 |     7 |     2 |     5 |     7 ||    24
Armor: Robe              |     1 |     1 |     2 |    52 |    34 |    54 |    36 |    24 ||   204
       Leather armour    |       |     5 |    23 |       |       |       |       |       ||    28
Dodge: Dodged            |     3 |    18 |    42 |   115 |    91 |    90 |    92 |    92 ||   543
       Repelled          |       |       |       |       |       |    19 |     5 |     3 ||    27
       Rpst.: Scimitar   |       |       |       |       |       |       |       |     2 ||     2

Table legend: (Time is in decaauts)
 A = Elapsed time spent in this place.
 B = Non-inter-level travel time spent in this place.
 C = Inter-level travel time spent in this place.
 D = Time resting spent in this place.
 E = Time spent auto-exploring this place.
 F = Levels seen in this place.
 G = Mean time per level.
                   A        B        C        D        E       F      G
               +--------+--------+--------+--------+--------+-----+--------+
         Total |  74408 |  70769 |   3639 |  27654 |  31049 |  44 | 1691.1 |
       Dungeon |  21395 |  20083 |   1312 |   5680 |  11146 |  15 | 1426.3 |
        Temple |    312 |    262 |     50 |      0 |    262 |   1 |  312.0 |
          Lair |  14028 |  13227 |    801 |   5830 |   5148 |   6 | 2338.0 |
         Swamp |   5704 |   5483 |    221 |   2362 |   2420 |   4 | 1426.0 |
     Snake Pit |   8368 |   8194 |    174 |   3539 |   3478 |   4 | 2092.0 |
  Orcish Mines |   2857 |   2468 |    389 |    899 |   1029 |   2 | 1428.5 |
   Elven Halls |   6646 |   6377 |    269 |   2671 |   2416 |   3 | 2215.3 |
        Vaults |  13603 |  13184 |    419 |   5996 |   4858 |   5 | 2720.6 |
         Crypt |    209 |    209 |      0 |     56 |     31 |   1 |  209.0 |
         Sewer |    306 |    306 |      0 |     72 |    119 |   1 |  306.0 |
      Ice Cave |    922 |    922 |      0 |    535 |    130 |   1 |  922.0 |
    Desolation |     52 |     52 |      0 |     14 |      9 |   1 |   52.0 |
               +--------+--------+--------+--------+--------+-----+--------+

Top non-repeatable levels by time:
Vaults:5: 4278 daAuts
  Lair:6: 4156 daAuts
 Snake:4: 2974 daAuts
Vaults:1: 2663 daAuts
    D:11: 2516 daAuts
Vaults:4: 2493 daAuts
  Lair:2: 2345 daAuts
   Elf:1: 2329 daAuts
Vaults:3: 2291 daAuts
   Orc:2: 2287 daAuts
   Elf:2: 2194 daAuts
 Snake:3: 2162 daAuts
  Lair:3: 2133 daAuts
   Elf:3: 2122 daAuts
  Lair:5: 2114 daAuts
